 Dungeon Crawl Stone Soup version 0.26-a0-597-gb535b0901c (webtiles) character file.

Game seed: 18196096524322415303

1883 kae the Grappler (level 8, -5/70 HPs)
             Began as a Grey Draconian Transmuter on Aug 26, 2020.
             Was an Initiate of Wu Jian.
             Slain by an orc warrior
             ... wielding a +0 halberd
              (15 damage)
             ... on level 7 of the Dungeon.
             The game lasted 00:08:52 (7713 turns).

kae the Grappler (Grey Draconian Transmuter)        Turns: 7713, Time: 00:08:53

Health: -5/70      AC:  2    Str: 15    XL:     8   Next: 92%
Magic:  0/12       EV: 19    Int: 13    God:    Wu Jian [......]
Gold:   341        SH:  0    Dex: 17    Spells: 3/13 levels left

rFire    . . .     SeeInvis .     - Unarmed
rCold    + . .     Faith    .   (shield currently unavailable)
rNeg     . . .     Spirit   +   (armour unavailable)
rPois    x         Reflect  .   (helmet currently unavailable)
rElec    .         Harm     .   (cloak currently unavailable)
rCorr    .                      (gloves currently unavailable)
MR       .....                  (boots currently unavailable)
Stlth    ++........             a - amulet of guardian spirit
HPRegen  0.21/turn              n - ring of protection from cold
MPRegen  0.13/turn              (no ring)

@: spider-form (expiring)
A: tiny, (walk through water), unfitting armour, AC +11
a: End Transformation, Renounce Religion


You were on level 7 of the Dungeon.
You worshipped Wu Jian.
Wu Jian was noncommittal.
You were a venomous arachnid creature.
You visited 1 branch of the dungeon, and saw 7 of its levels.

You collected 467 gold pieces.
You spent 126 gold pieces at shops.

Inventory:

Hand Weapons
 c - a +2 whip (melded)
Jewellery
 a - an amulet of guardian spirit (around neck)
 n - a ring of protection from cold (left front leg)
 o - the ring of Xawulusu {rF+ rC+ MP-9 EV+4}
   (You found it on level 4 of the Dungeon)

   [ring of evasion]

   It affects your evasion (+4).
   It protects you from fire.
   It protects you from cold.
   It affects your magic capacity (-9).
Wands
 k - a wand of acid (11)
 p - a wand of paralysis (6)
 q - a wand of disintegration (14)
 r - a wand of random effects (12)
Scrolls
 e - a scroll of fog
 i - a scroll of enchant weapon
 j - 4 scrolls of teleportation
 s - 3 scrolls of remove curse
 t - a scroll of amnesia
 u - 4 scrolls of identify
Potions
 b - 3 potions of flight
 d - 5 potions of curing
 f - a potion of berserk rage
 g - a potion of cancellation
 h - a potion of haste
 l - a potion of lignification
 m - a potion of might
 v - a potion of degeneration
 w - a potion of mutation


   Skills:
 + Level 6.2 Fighting
 - Level 1.7 Dodging
 * Level 8.6 Unarmed Combat
 - Level 3.0 Spellcasting
 + Level 5.9 Transmutations


You had 3 spell levels left.
You knew the following spells:

 Your Spells              Type           Power        Failure   Level
a - Beastly Appendage     Tmut           ###...       8%          1
b - Wereblood             Tmut           ###.....     11%         2
c - Spider Form           Tmut/Pois      #.........   41%         3
d - Ice Form              Ice/Tmut       #.......     77%         4

Your spell library contained the following spells:

 Spells                   Type           Power        Failure   Level
 Blade Hands              Tmut           ###.......   71%         5


Dungeon Overview and Level Annotations

Branches:
Dungeon (7/15)             Temple (0/1) D:6

Altars:
Cheibriados
Gozag
Hepliaklqana
Makhleb
Okawaru
Qazlal
Sif Muna
Trog
Wu Jian
Zin

Shops:
D:7 !


Innate Abilities, Weirdness & Mutations

((You can walk through water.))
((Your dull iron-grey scales are very hard. (AC +11)))
You cannot fit into any form of body armour.
((You can survive without breathing.))
((You are cold-blooded and may be slowed by cold attacks.))


Message History

You are too injured to fight recklessly!
You are too injured to fight recklessly!
You are too injured to fight recklessly!
You are too injured to fight recklessly!
You hit the scorpion.
The scorpion looks as sick as possible!
The scorpion is heavily wounded.
You kill the scorpion!
The Council accepts your kill.
The orc warrior hits you from afar with a +0 halberd!
The orc barely misses you.
You bite the orc!
You kill the orc!
The Council accepts your kill.
The orc warrior hits you from afar with a +0 halberd!!
* * * LOW HITPOINT WARNING * * *
You now have 341 gold pieces (gained 9).
Things that are here:
a +0 chain mail; an orc corpse The orc warrior hits you from afar with a +0 halberd!
You die...

#.......?.
#..##.....# #........
....#...####
#.....#..###...#.#.#
##.........##...#.#.#
.......#.......#.#.#
#.....#..######.#.#
#..)......... ).#∩#
##...o###..## ###.#
#.....[s....# #.#
#......!.#..######.#
#........#.>.....).#
#........###########
#........# #........#
###+###+##


You could see an orc warrior.

Vanquished Creatures
  Eustachio (D:6)
  A water moccasin (D:5)
  A sky beast (D:5)
  An ice beast (D:7)
  5 ogres
  A big kobold (D:5)
  2 scorpions
  2 howler monkeys
  A centaur zombie (D:5)
  2 jellies (D:5)
  A hound (D:5)
  2 centaur skeletons
  2 orc priests (D:7)
  An orc wizard (D:4)
  An iguana (D:6)
  3 worker ants
  12 adders
  14 gnolls
  A shadow imp (D:6)
  An ufetubus (D:5)
  An ooze (D:3)
  5 worms
  3 dart slugs
  5 leopard geckos
  24 orcs
  5 ball pythons
  5 bats
  3 giant cockroaches
  7 goblins
  9 hobgoblins
  4 jackals (D:3)
  3 quokkas
  4 frilled lizards
  19 kobolds
  A leopard gecko skeleton (D:4)
  A quokka skeleton (D:4)
  A quokka zombie (D:6)
  12 rats
167 creatures vanquished.

Notes
Turn   | Place    | Note
-------+----------+-------------------------------------------
     0 | D:1      | kae the Draconian Transmuter began the quest for the Orb.
     0 | D:1      | Reached XP level 1. HP: 16/16 MP: 3/3
   482 | D:1      | Reached XP level 2. HP: 16/23 MP: 3/5
   720 | D:1      | You fall into a shaft and drop 1 floor!
  1014 | D:1      | Reached XP level 3. HP: 27/29 MP: 3/6
  1061 | D:1      | Learned a level 2 spell: Wereblood
  1065 | D:1      | Learned a level 3 spell: Spider Form
  1671 | D:2      | You fall into a shaft and drop 2 floors!
  1695 | D:4      | Reached XP level 4. HP: 5/36 MP: 3/7
  1990 | D:4      | Reached skill level 4 in Unarmed Combat
  2062 | D:3      | Found a faded altar of an unknown god.
  2146 | D:2      | Reached XP level 5. HP: 39/42 MP: 6/9
  3085 | D:3      | Learned a level 4 spell: Ice Form
  3648 | D:3      | Reached XP level 6. HP: 30/51 MP: 5/10
  3951 | D:3      | Reached skill level 5 in Unarmed Combat
  4213 | D:3      | Found a snail-covered altar of Cheibriados.
  5069 | D:4      | Your scales start taking on a dull iron-grey colour.
  5069 | D:4      | Reached XP level 7. HP: 40/58 MP: 5/11
  5069 | D:4      | Gained mutation: You can survive without breathing. [Grey
                  | Draconian growth]
  5248 | D:4      | Got a transparent bronze ring
  5351 | D:4      | Identified the ring of Xawulusu {rF+ rC+ MP-9 EV+4} (You
                  | found it on level 4 of the Dungeon)
  5367 | D:5      | Entered Level 5 of the Dungeon
  5384 | D:5      | Reached skill level 6 in Unarmed Combat
  6470 | D:5      | Reached skill level 5 in Fighting
  6470 | D:5      | Reached skill level 7 in Unarmed Combat
  6470 | D:5      | Reached XP level 8. HP: 68/68 MP: 8/12
  6535 | D:5      | Reached skill level 5 in Transmutations
  6756 | D:5      | Found an iron altar of Okawaru.
  6857 | D:5      | Found a burning altar of Makhleb.
  6857 | D:5      | Noticed a balrug
  6860 | D:5      | Noticed an orange demon
  6860 | D:5      | Noticed an orange demon
  7080 | D:6      | Reached skill level 8 in Unarmed Combat
  7198 | D:6      | Found a bloodstained altar of Trog.
  7200 | D:6      | Found a stormy altar of Qazlal.
  7201 | D:6      | Found an opulent altar of Gozag.
  7202 | D:6      | Found a hazy altar of Hepliaklqana.
  7202 | D:6      | Found a glowing silver altar of Zin.
  7202 | D:6      | Found an ornate altar of the Wu Jian Council.
  7208 | D:6      | Found a shimmering blue altar of Sif Muna.
  7228 | D:6      | Became a worshipper of the Wu Jian Council
  7494 | D:6      | Noticed Eustachio
  7507 | D:6      | Killed Eustachio
  7610 | D:6      | Found a staircase to the Ecumenical Temple.
  7675 | D:7      | Found Sipn's Distillery.
  7682 | D:7      | Bought a potion of degeneration for 14 gold pieces
  7682 | D:7      | Bought a potion of mutation for 112 gold pieces
  7713 | D:7      | Slain by an orc warrior

Illustrated notes

Levels and vault maps discovered:
D:1:      wander_arrival_abandoned_jail, layout_basic
D:2:      layout_rooms
D:3:      layout_loops_ring, cheibriados_altar_1,
          chequers_ecumenical_altar_island
D:4:      layout_loops_ring
D:5:      layout_loops_cross, lemuel_round_altar, serial_glass, glass_columns_c,
          glass_columns_a, glass_columns_b, glass_columns_b,
          makhleb_altar_promises_db
D:6:      layout_cave_pools, grunt_temple_overflow_open,
          lemuel_temple_firewalk_a, roderic_serpentine_path, uniq_eustachio
D:7:      cheibrodos_barr_body, layout_basic, serial_shops, shop

Skill      XL: |  1  2  3  4  5  6  7  8 |
---------------+-------------------------+-----
Fighting       | 2 3 5 6 |  6.2
Unarmed Combat | 4 5 7 8 |  8.6
Transmutations | 3 4 5 |  5.9
Spellcasting   | 3 |  3.0
Dodging        | |  1.7

Action                   |  1- 3 |  4- 6 |  7- 9 || total
-------------------------+-------+-------+-------++-------
Melee: Whip              |   114 |   250 |    96 ||   460
       Unarmed           |     7 |    22 |   124 ||   153
       Tailslap          |    11 |    21 |    14 ||    46
       Headbutt          |     9 |    26 |       ||    35
       Kick              |    11 |    32 |     3 ||    46
       Punch             |       |     4 |     3 ||     7
 Cast: Beastly Appendage |    16 |    28 |     3 ||    47
       Spider Form       |       |     4 |    20 ||    24
Invok: Lunge             |       |       |     3 ||     3
  Use: Scroll            |     3 |     6 |     8 ||    17
 Stab: Sleeping          |       |       |     2 ||     2
       Distracted        |       |       |     1 ||     1
Armor: Skin              |    45 |    57 |    53 ||   155
Dodge: Dodged            |   119 |   167 |   201 ||   487

Table legend: (Time is in decaauts)
 A = Elapsed time spent in this place.
 B = Non-inter-level travel time spent in this place.
 C = Inter-level travel time spent in this place.
 D = Time resting spent in this place.
 E = Time spent auto-exploring this place.
 F = Levels seen in this place.
 G = Mean time per level.
                   A        B        C        D        E       F      G
               +--------+--------+--------+--------+--------+-----+--------+
         Total |   7748 |   7638 |    110 |   2002 |   4271 |   7 | 1106.9 |
       Dungeon |   7748 |   7638 |    110 |   2002 |   4271 |   7 | 1106.9 |
               +--------+--------+--------+--------+--------+-----+--------+

Top non-repeatable levels by time:
     D:1: 1819 daAuts
     D:5: 1535 daAuts
     D:4: 1464 daAuts
     D:3: 1268 daAuts
     D:2: 856 daAuts
     D:6: 765 daAuts
     D:7: 38 daAuts
